 Dungeon Crawl Stone Soup version 0.31-a0-1388-g4b2ba238e7 (webtiles) character file.

Game seed: 2491524504907351279

15 Curundu the Trooper (level 2, -2/27 HPs)
             Began as a Minotaur Berserker on Dec 25, 2023.
             Was a Follower of Trog.
             Killed from afar by Natasha (4 damage)
             ... with a magic dart
             ... on level 2 of the Dungeon.
             The game lasted 00:02:23 (351 turns).

Curundu the Trooper (Minotaur Berserker)             Turns: 351, Time: 00:02:24

Health: -2/27      AC:  5    Str: 21    XL:     2   Next: 34%
Magic:  1/1        EV: 11    Int:  4    God:    Trog [*.....]
Gold:   28         SH:  0    Dex:  9    Spells: 1/1 levels left

rFire   . . .        a - +0 falchion
rCold   . . .        (no shield)
rNeg    . . .        h - +0 ring mail
rPois   .            (helmet restricted)
rElec   .            (no cloak)
rCorr   .            (no gloves)
SInv    .            (no boots)
Will    .....        (no amulet) Stlth
                     (no ring)
HPRegen 0.24/turn    (no ring)
MPRegen 0.07/turn

%: no passive effects
@: slowed, very slow
A: horns 2, retaliatory headbutt
a: Renounce Religion, Berserk


You were on level 2 of the Dungeon.
You worshipped Trog.
Trog was aware of your devotion.
You visited 1 branch of the dungeon, and saw 2 of its levels.

You collected 28 gold pieces.

Inventory:

Hand Weapons
 a - a +0 falchion (weapon)
Missiles
 c - a throwing net
 e - 5 poisoned darts
 f - 2 atropa-tipped darts
 i - 5 boomerangs
Armour
 b - a +0 animal skin
 h - a +0 ring mail (worn)
Scrolls
 d - a scroll of brand weapon {unknown}
 g - a scroll of identify {unknown}


   Skills:
 + Level 4.0 Fighting
 + Level 4.0 Long Blades
 + Level 2.5 Armour
 + Level 2.3 Dodging


You had one spell level left.
You didn't know any spells.
Your spell library was empty.

Dungeon Overview and Level Annotations

Branches:
Dungeon (2/15)

Altars:

Annotations:
D:2 Natasha


Innate Abilities, Weirdness & Mutations

You have a pair of horns on your head.
You reflexively headbutt those who attack you in melee.


Message History

You barely miss Natasha.
Natasha is lightly wounded.
Natasha claws you but does no damage. The kobold barely misses you.
Natasha claws you. The kobold hits you but does no damage.
You closely miss Natasha.
Natasha is lightly wounded.
The bat hits you but does no damage. Natasha claws you but does no damage.
The kobold hits you with a +0 club. Natasha closely misses you.
You closely miss Natasha.
Natasha is lightly wounded.
The bat barely misses you. You furiously retaliate!
You headbutt the bat!
You kill the bat!
Trog accepts your kill. The kobold hits you but does no damage.
Natasha claws you.
* * * LOW HITPOINT WARNING * * *
The kobold closely misses you. You furiously retaliate!
You headbutt the kobold. You hit Natasha but do no damage.
Your headbutt misses Natasha.
Natasha is lightly wounded.
Natasha barely misses you. The kobold hits you but does no damage.
Natasha claws you.
* * * LOW HITPOINT WARNING * * *
You miss Natasha.
Natasha is lightly wounded.
The kobold hits you with a +0 club.
* * * LOW HITPOINT WARNING * * *
A goblin comes into view. It is wielding a +0 dagger.
Natasha closely misses you. The kobold closely misses you.
The goblin shouts!
You hit Natasha but do no damage.
Natasha is lightly wounded.
You hear an angry hiss.
You hear a shout!
You hear a bark!
Natasha claws you but does no damage. The kobold closely misses you.
You furiously retaliate!
You headbutt the kobold.
You kill the kobold!
Trog accepts your kill. Natasha casts a spell at you. The magic dart hits you.
You die...
Natasha begins licking her fur clean.

#..........#
..####..........#
................#
................#
......#.......<##
.....?..#....#.#
........#....#.#
.......h.......#
.......)@......#
.......†>.......#
...g............#
................#
....###.........#
[... #.......<.#
.[. #.........#
.. #........##


You could see Natasha and a goblin.

Vanquished Creatures
  An adder (D:2)
  An endoplasm (D:1)
  A quokka (D:1)
  A bat (D:2)
  A goblin (D:1)
  3 kobolds
8 creatures vanquished.

Notes
Turn   | Place    | Note
-------+----------+-------------------------------------------
     0 | D:1      | Curundu the Minotaur Berserker began the quest for the Orb.
     0 | D:1      | Reached XP level 1. HP: 19/19 MP: 0/0
   318 | D:1      | You fall into a shaft and drop 1 floor!
   337 | D:2      | Noticed Natasha
   345 | D:2      | Reached XP level 2. HP: 11/27 MP: 1/1
   350 | D:2      | HP: 1/27 [kobold/+0 club (2)]
   351 | D:2      | Killed from afar by Natasha

Illustrated notes

Levels and vault maps discovered:
D:1:      saegor_arrival_simple_c, layout_loops_ring,
          chequers_serial_rivers_room_b
D:2:      layout_rooms, serial_shops, shop_statue,
          nicolae_shop_just_a_little_nook, basic_altar, uniq_jessica,
          uniq_natasha

Skill      XL: |  1 |
---------------+----+-----
Fighting       | 4 |  4.0
Long Blades    | 4 |  4.0
Armour         | |  2.5
Dodging        | |  2.3

Action                     || total
---------------------------++-------
  Melee: Falchion          ||    20
         Headbutt          ||     1
 Armour: Animal skin       ||     5
         Ring mail         ||    17
  Dodge: Dodged            ||    14

Table legend: (Time is in decaauts)
 A = Elapsed time spent in this place.
 B = Non-inter-level travel time spent in this place.
 C = Inter-level travel time spent in this place.
 D = Time resting spent in this place.
 E = Time spent auto-exploring this place.
 F = Levels seen in this place.
 G = Mean time per level.
                   A        B        C        D        E       F      G
               +--------+--------+--------+--------+--------+-----+--------+
         Total |    355 |    355 |      0 |     34 |    206 |   2 |  177.5 |
       Dungeon |    355 |    355 |      0 |     34 |    206 |   2 |  177.5 |
               +--------+--------+--------+--------+--------+-----+--------+

Top non-repeatable levels by time:
     D:1: 319 daAuts
     D:2: 36 daAuts
